 Dungeon Crawl Stone Soup version 0.28-a0-60-g54b5640690 (webtiles) character file.

Game seed: 4334427136139657831

4 emm the Chopper (level 1, -5/16 HPs)
             Began as a Demonspawn Gladiator on July 31, 2021.
             Slain by a kobold (19 damage)
             ... on level 1 of the Dungeon.
             The game lasted 00:00:15 (268 turns).

emm the Chopper (Demonspawn Gladiator)               Turns: 268, Time: 00:00:15

Health: -5/16      AC:  4    Str: 14    XL:     1   Next: 50%
Magic:  1/1        EV: 12    Int:  9    God:
Gold:   41         SH:  0    Dex: 14    Spells: 0/0 levels left

rFire   . . .      SeeInvis .   a - +0 war axe
rCold   . . .      Faith    .   (no shield)
rNeg    . . .      Spirit   .   b - +0 leather armour
rPois   .          Reflect  .   c - +0 helmet
rElec   .          Harm     .   (no cloak)
rCorr   .          Rampage  .   (no gloves)
Will    .....                   (no boots)
Stlth   +.........              (no amulet)
HPRegen 0.05/turn               (no ring)
MPRegen 0.07/turn               (no ring)

@: no status effects
A: no striking features
a: no special abilities


You were on level 1 of the Dungeon.
You visited 1 branch of the dungeon, and saw 1 of its levels.

You collected 41 gold pieces.

Inventory:

Hand Weapons
 a - a +0 war axe (weapon)
Missiles
 d - 3 throwing nets (quivered)
Armour
 b - a +0 leather armour (worn)
 c - a +0 helmet (worn)
Jewellery
 e - an amulet of reflection
Scrolls
 f - a scroll of amnesia {unknown}
 g - a scroll of fear {unknown}


   Skills:
 + Level 2.0 Fighting
 + Level 2.7 Axes
 + Level 2.0 Throwing
 + Level 2.7 Dodging


You couldn't memorise any spells.
You didn't know any spells.
Your spell library was empty.

Dungeon Overview and Level Annotations

Branches:
Dungeon (1/15)

Altars:


Message History

A goblin comes into view. It is wielding a +0 club.
The goblin shouts!
A goblin is nearby!
The goblin misses you.
You slash the goblin!
You kill the goblin!
Your Throwing skill increases to level 2!
You see here a +0 club.
Found a stone staircase leading down.
There is a stone staircase leading down here.
A goblin comes into view. It is wielding a +0 dagger.
The goblin shouts!
A goblin is nearby!
A goblin is nearby!
You closely miss the goblin. The goblin hits you but does no damage.
You slash the goblin!
You kill the goblin!
Things that are here:
a +0 dagger; a goblin corpse You now have 41 gold pieces (gained 16).
f - a scroll labelled EMYCIT QURPHEUFOFE
g - a scroll labelled XUIRPH OP RUBEL
Found 14 bolts.
A hobgoblin comes into view.
The hobgoblin shouts!
You hear a shout! x3
A hobgoblin is nearby!
A hobgoblin comes into view.
You hit the hobgoblin.
The hobgoblin is heavily wounded.
The hobgoblin completely misses you.
A kobold comes into view.
It is wielding a +2 short sword of electrocution.
The kobold shouts!
A hobgoblin comes into view.
The hobgoblin closely misses you. x2
You barely miss the hobgoblin. You hit the kobold but do no damage.
You closely miss the hobgoblin.
The kobold hits you with a +2 short sword of electrocution.
You are electrocuted!!
Ouch! That really hurt!
You die...

#..)#####.......#
................#.#
................#.#
................#.#
#...#####.......#.# #g
#.........##....#.# #...
#...#########...#.#.....
#...# #...g#K......
#...# ##.#.@g....# ....#
#######.#.# #.#.##
.###.########
..#.........(
.....#######> #.#..#
.###.# #.#..#


You could see 3 hobgoblins and a kobold.

Vanquished Creatures
  2 goblins (D:1)
  A hobgoblin (D:1)
  A rat (D:1)
4 creatures vanquished.

Notes
Turn   | Place    | Note
-------+----------+-------------------------------------------
     0 | D:1      | emm the Demonspawn Gladiator began the quest for the Orb.
     0 | D:1      | Reached XP level 1. HP: 16/16 MP: 1/1
   268 | D:1      | Slain by a kobold

Illustrated notes

Levels and vault maps discovered:
D:1:      psy_arrival_fountain, layout_loops_cross,
          minmay_misc_feat_more_columns

Skill      XL: |  1 |
---------------+----+-----
Throwing       | 2 |  2.0
Fighting       | |  2.0
Axes           | |  2.7
Dodging        | |  2.7

Action                   || total
-------------------------++-------
Melee: War axe           ||     9
Armor: Leather armour    ||     1
Dodge: Dodged            ||     7

Table legend: (Time is in decaauts)
 A = Elapsed time spent in this place.
 B = Non-inter-level travel time spent in this place.
 C = Inter-level travel time spent in this place.
 D = Time resting spent in this place.
 E = Time spent auto-exploring this place.
 F = Levels seen in this place.
 G = Mean time per level.
                   A        B        C        D        E       F      G
               +--------+--------+--------+--------+--------+-----+--------+
         Total |    271 |    271 |      0 |      0 |    228 |   1 |  271.0 |
       Dungeon |    271 |    271 |      0 |      0 |    228 |   1 |  271.0 |
               +--------+--------+--------+--------+--------+-----+--------+

Top non-repeatable levels by time:
     D:1: 271 daAuts
